 Dungeon Sprint DCSS version 0.14-a0-519-g334afa2 (webtiles) character file.

12400 MDvedh the Executioner (level 11, -3/104 HPs)
             Began as a Minotaur Berserker on Nov 2, 2013.
             Was the Champion of Trog.
             Slain by a lorocyproca (7 damage)
             ... in the Dungeon (Sprint VII: "The Pits").
             The game lasted 00:09:10 (3481 turns).

MDvedh the Executioner (Minotaur Berserker)         Turns: 3481, Time: 00:09:10

HP  -3/104       AC 23     Str 28      XL: 11   Next: 61%
MP   0/3         EV  2     Int  4      God: Trog [******]
Gold 18          SH  0     Dex 10      Spells:  0 memorised, 10 levels left

Res.Fire  : . . .   See Invis. : .   b - +5,+3 executioner's axe (freeze)
Res.Cold  : . . .   Warding    : .   u - +3 plate armour
Life Prot.: + + +   Conserve   : .   (no shield)
Res.Poison: +       Res.Corr.  : .   (helmet restricted)
Res.Elec. : .       Clarity    : .   (no cloak)
Sust.Abil.: . .     Spirit.Shd : .   (no gloves)
Res.Mut.  : .       Prev.Telep.: +   (no boots)
Res.Rott. : +       Flight     : .   (no amulet)
Saprovore : . . .                    t - +3 ring of strength
                                     r - +3 ring of protection

@: petrified, exhausted, quite poisoned, held, slowed, somewhat resistant to
hostile enchantments, extremely unstealthy
A: retaliatory headbutt, horns 2
a: Burn Spellbooks, Berserk, Trog's Hand, Brothers in Arms, Renounce Religion


You were in the Dungeon.
You worshipped Trog.
Trog was exalted by your worship.
You were not hungry.

You visited 1 branch You collected 18 gold pieces.

Inventory:

Hand weapons
 b - a +5,+3 executioner's axe of freezing (weapon)
 q - the +3,+7 battleaxe "Vyfroidipn" {freeze, rF+ rN+}
   (Trog gifted it to you in the Dungeon)

   It has been specially enchanted to freeze those struck by it, causing extra
   injury to most foes and up to double damage against particularly susceptible
   opponents.
   It can also slow down cold-blooded creatures.
   It protects you from fire.
   It protects you from negative energy.
Armour
 u - a +3 plate armour (worn)
Comestibles
 a - 40 strawberries
 c - 6 bread rations
 k - 6 meat rations
Scrolls
 i - a scroll of blinking
 m - 2 scrolls of vulnerability
 n - 3 scrolls of remove curse
 o - a scroll of summoning
 p - a scroll of identify
 x - 2 scrolls of fog
 y - 4 scrolls of enchant armour
Jewellery
 r - a +3 ring of protection (left hand)
 t - a +3 ring of strength (right hand)
 v - an uncursed ring of positive energy
 w - the amulet of Qeff {Spirit +Rage rElec rC-}
   (You found it in the Dungeon)

   [amulet of guardian spirit]

   It makes you vulnerable to cold.
   It insulates you from electricity.
   It lets you go berserk.
Potions
 d - 10 potions of curing
 e - 14 potions of heal wounds
 f - 4 potions of speed
 g - 4 potions of magic
 h - 2 potions of berserk rage
 l - 2 potions of invisibility
 s - 3 potions of agility
 z - 2 potions of restore abilities
 C - a potion of cure mutation


   Skills:
 + Level 16.6 Fighting
 + Level 22.7 Axes
 + Level 16.4 Armour
 - Level 2.1 Dodging


You had 10 spell levels left.
You didn't know any spells.

Dungeon Overview and Level Annotations

Branches:
Dungeon (1/1)

Altars:
Ashenzari
Cheibriados
Elyvilon
Fedhas
Kikubaaqudgha
Makhleb
Nemelex Xobeh
Okawaru
Sif Muna
Trog
Vehumet
Xom
Yredelemnul
Zin
the Shining One
Beogh
Jiyva
Lugonu


Innate Abilities, Weirdness & Mutations

You reflexively headbutt those who attack you in melee.
You have a pair of horns on your head.


Message History

The wolf spider answers the druid's call!
It hits you but does no damage. The sea snake completely misses you.
The jumping spider pounces on you but does no damage.
The jumping spider bites you.
* * * LOW HITPOINT WARNING * * *
The wyvern is engulfed in calcifying dust.
You are engulfed in calcifying dust.
The death drake bites you but does no damage.
The jumping spider pounces on you!
* * * LOW HITPOINT WARNING * * *
The jumping spider bites you.
* * * LOW HITPOINT WARNING * * *
The catoblepas breathes a plume of calcifying dust at you.
The blast of calcifying dust hits the wyvern.
The blast of calcifying dust hits the giant mite.
The blast of calcifying dust hits you!
* * * LOW HITPOINT WARNING * * *
The wyvern is engulfed in calcifying dust.
It hits you!
You die...

#..........+ ###''####''#
###''####''########
#......##..(.......
#.#+##.##((((..)...
#.#Ys+.##..######## #.+DY#
##..# #S#s3+ #..#
##++###########l@"i# #))#
.........##..##s##+# #))#
..#......##..##.. #).#
.........''..##### #..#
.........''..##########..#
..#......##(..(...).)....#
....)....##.......)......#
##''######################
##''########### ##########
#####


You could see an apis, a death drake, a sea snake, a wolf spider, an ice devil,
a spriggan druid, a jumping spider, a wyvern (petrified) and a giant mite
(petrified).

Vanquished Creatures
  A purple draconian (D)
  An anaconda (D)
  An orc high priest (D)
  A sun demon (D)
  Urug (D)
  A deep elf knight (D)
  A wizard (D)
  A red wasp (D)
  A spriggan (D)
  Grinder (D)
  A naga mage (D)
  A komodo dragon (D)
  2 trolls (D)
  A guardian mummy (D)
  A blue devil (D)
  A giant firefly (D)
  A raven (D)
  3 deep elf magi (D)
  2 deep elf fighters (D)
  A shadow (D)
  A hungry ghost (D)
  7 vampire mosquitoes (D)
  A hippogriff (D)
  Edmund (D)
  4 wolves (D)
  A freezing wraith (D)
  A mottled dragon (D)
  2 manticores (D)
  A necrophage (D)
  4 small abominations (D)
  A gargoyle (D)
  4 nagas (D)
  2 porcupines (D)
  A phantom (D)
  A sky beast (D)
  A yellow wasp (D)
  A kobold demonologist (D)
  An orc warrior (D)
  A centaur (D)
  A warg (D)
  A giant slug (D)
  3 big kobolds (D)
  A gnoll sergeant (D)
  A jelly (D)
  A crimson imp (D)
  A quasit (D)
  An iron imp (D)
  An orc wizard (D)
  3 worker ants (D)
  5 gnolls (D)
  A green rat (D)
  A giant mite (D)
  A worm (D)
  A giant eyeball (D)
  6 orcs (D)
  A ball python (D)
  2 hobgoblins (D)
  6 jackals (D)
  A bat (D)
  A giant newt zombie (D)
  7 kobolds (D)
  A kobold skeleton (D)
  A rat (D)
109 creatures vanquished.

Notes
Turn   | Place    | Note
--------------------------------------------------------------
     0 | D        | MDvedh, the Minotaur Berserker, began the quest for the Orb.
     0 | D        | Reached XP level 1. HP: 19/19 MP: 0/0
    11 | D        | Noticed a worker ant
    15 | D        | Killed a worker ant
    15 | D        | Reached skill level 7 in Axes
    15 | D        | Reached XP level 2. HP: 10/26 MP: 0/0
   248 | D        | Found a viscous altar of Jiyva.
   248 | D        | Found a corrupted altar of Lugonu.
   248 | D        | Found a sparkling altar of Nemelex Xobeh.
   248 | D        | Found a shimmering altar of Xom.
   248 | D        | Found a deep blue altar of Sif Muna.
   248 | D        | Found a bloodstained altar of Trog.
   249 | D        | Found an iron altar of Okawaru.
   249 | D        | Found a roughly hewn altar of Beogh.
   249 | D        | Found a burning altar of Makhleb.
   249 | D        | Found an ancient bone altar of Kikubaaqudgha.
   249 | D        | Found a glowing silver altar of Zin.
   249 | D        | Found a radiant altar of Vehumet.
   249 | D        | Found a blossoming altar of Fedhas.
   249 | D        | Found a snail-covered altar of Cheibriados.
   249 | D        | Found a white marble altar of Elyvilon.
   249 | D        | Found a basalt altar of Yredelemnul.
   249 | D        | Found a glowing golden altar of the Shining One.
   249 | D        | Found a shattered altar of Ashenzari.
   256 | D        | Noticed a worker ant
   266 | D        | Killed a worker ant
   266 | D        | Reached skill level 9 in Axes
   266 | D        | Reached XP level 3. HP: 10/33 MP: 1/1
   473 | D        | Noticed a worker ant
   474 | D        | Acquired Trog's second power
   477 | D        | Killed a worker ant
   477 | D        | Reached skill level 10 in Axes
   477 | D        | Reached XP level 4. HP: 36/39 MP: 1/1
   513 | D        | Reached skill level 11 in Axes
   516 | D        | Acquired Trog's third power
   616 | D        | Paralysed by a giant eyeball for 4 turns
   693 | D        | Noticed a wolf
   700 | D        | Received a gift from Trog
   703 | D        | Killed a wolf
   703 | D        | Reached skill level 14 in Axes
   703 | D        | Reached XP level 5. HP: 15/46 MP: 1/1
   910 | D        | Noticed Grinder
   919 | D        | Killed Grinder
   919 | D        | Reached skill level 16 in Axes
   919 | D        | Reached XP level 6. HP: 52/52 MP: 2/2
   961 | D        | Noticed a komodo dragon
   972 | D        | Killed a komodo dragon
   972 | D        | Reached skill level 17 in Axes
   972 | D        | Reached XP level 7. HP: 11/59 MP: 2/2
  1439 | D        | Noticed a deep elf fighter
  1439 | D        | Noticed a necrophage
  1439 | D        | Noticed a porcupine
  1439 | D        | Noticed an iron imp
  1443 | D        | Killed an iron imp
  1446 | D        | Killed a porcupine
  1446 | D        | Reached skill level 5 in Fighting
  1446 | D        | Reached skill level 18 in Axes
  1449 | D        | Killed a deep elf fighter
  1449 | D        | Received a gift from Trog
  1449 | D        | Reached skill level 5 in Armour
  1454 | D        | Killed a necrophage
  1454 | D        | Reached XP level 8. HP: 69/69 MP: 2/2
  1493 | D        | Noticed a deep elf fighter
  1493 | D        | Noticed a deep elf mage
  1493 | D        | Noticed a wolf
  1493 | D        | Noticed a wolf
  1493 | D        | Noticed a wolf
  1495 | D        | Noticed a big kobold
  1496 | D        | Noticed a deep elf mage
  1497 | D        | Killed a wolf
  1497 | D        | Killed a wolf
  1498 | D        | Killed a wolf
  1503 | D        | Killed a big kobold
  1504 | D        | Noticed a deep elf mage
  1504 | D        | Killed a deep elf mage
  1509 | D        | Killed a deep elf fighter
  1509 | D        | Reached skill level 19 in Axes
  1509 | D        | Killed a deep elf mage
  1510 | D        | Killed a deep elf mage
  1510 | D        | Received a gift from Trog
  1510 | D        | Reached XP level 9. HP: 34/79 MP: 3/3
  1835 | D        | Noticed a wizard
  1835 | D        | Noticed a yellow wasp
  1844 | D        | Killed a yellow wasp
  1852 | D        | Killed a wizard
  1852 | D        | Reached skill level 10 in Fighting
  1852 | D        | Reached skill level 10 in Armour
  2072 | D        | Noticed a manticore
  2073 | D        | Noticed a phantom
  2073 | D        | Noticed a sky beast
  2074 | D        | Noticed a hungry ghost
  2078 | D        | Killed a hungry ghost
  2081 | D        | Killed a sky beast
  2081 | D        | Received a gift from Trog
  2082 | D        | Killed a manticore
  2084 | D        | Noticed a small abomination
  2086 | D        | Killed a phantom
  2086 | D        | Reached skill level 20 in Axes
  2090 | D        | Killed a small abomination
  2181 | D        | Noticed a troll
  2181 | D        | Noticed a centaur
  2185 | D        | Killed a centaur
  2185 | D        | Killed a troll
  2269 | D        | Noticed a raven
  2269 | D        | Noticed a red wasp
  2269 | D        | Noticed Edmund
  2271 | D        | Killed a red wasp
  2274 | D        | Killed a raven
  2274 | D        | Received a gift from Trog
  2274 | D        | Reached XP level 10. HP: 91/91 MP: 3/3
  2277 | D        | Killed Edmund
  2278 | D        | Noticed a shadow
  2286 | D        | Killed a shadow
  2319 | D        | Noticed a big kobold
  2319 | D        | Noticed a troll
  2320 | D        | Noticed a quasit
  2321 | D        | Noticed a kobold demonologist
  2322 | D        | Noticed a hippogriff
  2325 | D        | Killed a troll
  2328 | D        | Killed a big kobold
  2331 | D        | Killed a kobold demonologist
  2333 | D        | Killed a quasit
  2335 | D        | Received a gift from Trog
  2342 | D        | Noticed a big kobold
  2346 | D        | Killed a big kobold
  2347 | D        | Killed a hippogriff
  2399 | D        | Noticed a guardian mummy
  2399 | D        | Noticed a naga mage
  2399 | D        | Noticed a naga
  2399 | D        | Noticed a naga
  2399 | D        | Noticed a naga
  2399 | D        | Noticed a naga
  2399 | D        | Noticed a sun demon
  2399 | D        | Noticed a mottled dragon
  2400 | D        | Noticed a manticore
  2400 | D        | Noticed a small abomination
  2404 | D        | Killed a naga
  2406 | D        | Killed a sun demon
  2406 | D        | Reached skill level 21 in Axes
  2407 | D        | Killed a guardian mummy
  2410 | D        | Killed a mottled dragon
  2410 | D        | Received a gift from Trog
  2411 | D        | Killed a naga
  2411 | D        | Killed a naga
  2411 | D        | Killed a small abomination
  2413 | D        | Killed a naga
  2415 | D        | Killed a naga mage
  2419 | D        | Killed a manticore
  2421 | D        | Received a gift from Trog
  2720 | D        | Noticed a porcupine
  2720 | D        | Noticed a vampire mosquito
  2720 | D        | Noticed a vampire mosquito
  2720 | D        | Noticed a small abomination
  2720 | D        | Noticed a warg
  2720 | D        | Noticed a deep elf knight
  2721 | D        | Noticed a vampire mosquito
  2721 | D        | Noticed an orc warrior
  2761 | D        | Noticed a vampire mosquito
  2762 | D        | Noticed an orc wizard
  2762 | D        | Killed a vampire mosquito
  2764 | D        | Noticed Urug
  2764 | D        | Killed a deep elf knight
  2766 | D        | Killed a vampire mosquito
  2769 | D        | Killed a vampire mosquito
  2770 | D        | Killed a small abomination
  2770 | D        | Received a gift from Trog
  2773 | D        | Noticed a crimson imp
  2773 | D        | Killed a porcupine
  2773 | D        | Reached XP level 11. HP: 102/102 MP: 3/3
  2776 | D        | Killed an orc wizard
  2776 | D        | Killed an orc warrior
  2777 | D        | Killed a vampire mosquito
  2778 | D        | Killed a warg
  2779 | D        | Noticed a vampire mosquito
  2781 | D        | Noticed a jelly
  2781 | D        | Killed a crimson imp
  2782 | D        | Noticed a small abomination
  2782 | D        | Noticed a vampire mosquito
  2783 | D        | Killed Urug
  2783 | D        | Reached skill level 15 in Fighting
  2783 | D        | Reached skill level 15 in Armour
  2785 | D        | Noticed a vampire mosquito
  2785 | D        | Killed a vampire mosquito
  2785 | D        | Reached skill level 22 in Axes
  2786 | D        | Killed a small abomination
  2789 | D        | Killed a vampire mosquito
  2789 | D        | Killed a jelly
  2790 | D        | Killed a vampire mosquito
  2832 | D        | Received a gift from Trog
  2911 | D        | Noticed a freezing wraith
  2917 | D        | Killed a freezing wraith
  3075 | D        | Got the amulet of Qeff {Spirit +Rage rElec rC-}
  3180 | D        | Noticed a giant slug
  3180 | D        | Noticed a gargoyle
  3185 | D        | Noticed an orc high priest
  3185 | D        | Killed a gargoyle
  3186 | D        | Killed a giant slug
  3193 | D        | Killed an orc high priest
  3198 | D        | Received a gift from Trog
  3206 | D        | Got a brightly glowing battleaxe {god gift}
  3207 | D        | Identified the +3,+7 battleaxe "Vyfroidipn" {freeze, rF+ rN+} (Trog gifted it to you in the Dungeon)
  3207 | D        | Identified the +3,+7 battleaxe "Vyfroidipn" {freeze, rF+ rN+} (Trog gifted it to you in the Dungeon)
  3275 | D        | Noticed a gnoll sergeant
  3281 | D        | Killed a gnoll sergeant
  3285 | D        | Received a gift from Trog
  3299 | D        | Noticed a blue devil
  3303 | D        | Noticed a spriggan rider
  3310 | D        | Killed a blue devil
  3315 | D        | Killed a spriggan
  3315 | D        | Killed a giant firefly
  3465 | D        | Noticed a purple draconian
  3465 | D        | Noticed an ice devil
  3465 | D        | Noticed an anaconda
  3465 | D        | Noticed a spriggan druid
  3466 | D        | Noticed an apis
  3467 | D        | Noticed a wyvern
  3469 | D        | Killed an anaconda
  3469 | D        | Received a gift from Trog
  3470 | D        | Noticed a catoblepas
  3473 | D        | Noticed a sea snake
  3473 | D        | Noticed a jumping spider
  3474 | D        | Killed a purple draconian
  3477 | D        | Noticed a death drake
  3481 | D        | Noticed a wolf spider
  3481 | D        | HP: 5/104 [jumping spider (6)]
  3481 | D        | Slain by a lorocyproca

Action                   |  1- 3 |  4- 6 |  7- 9 | 10-12 || total
-------------------------+-------+-------+-------+-------++-------
Melee: Hand axe          |    16 |    50 |    12 |       ||    78
       Battleaxe         |       |       |    52 |    28 ||    80
       Executioner's axe |       |       |       |    69 ||    69
Invok: Berserk           |       |     2 |     3 |     3 ||     8
  Use: Scroll            |       |       |       |     7 ||     7
 Stab: Sleeping          |     1 |       |       |       ||     1
       Petrifying        |       |       |       |     1 ||     1
